Map: Pillars of Gold LE

Players

Namshar - Winner!

  • Race: Zerg Zerg
  • League: Grandmaster
  • Spawn Location: 1:00

Semper

  • Race: Protoss Protoss
  • Spawn Location: 7:00

Event: DreamHack SC2 Masters 2020 Summer North America

VOD

Have the link to the VOD?

Description

Time

  • Played on: June 30, 2020, 5:26 p.m.
  • Length: 24:15

All games in this series

Show
View Real Time Build Order
Export as new Build Order

Namshar Zerg - Winner!

Build Orders: Hatch First 

Get SALT Encoding   

  12  0:00  Drone  
  13  0:12  Overlord  
  13  0:17  Drone  
  14  0:30  Drone x2  
  16  0:49  Hatchery  
  15  0:52  Drone  
  15  0:55  Drone  
  17  0:59  Drone  
  18  1:09  Extractor  
  17  1:15  Spawning Pool  
  16  1:18  Drone  
  16  1:22  Drone  
  18  1:28  Drone  
  19  1:39  Drone  
  20  1:53  Overlord  
  20  2:02  Zergling x2, Queen x2  
  20  2:03  Zergling x2  
  26  2:11  Drone  
  26  2:12  Drone  
  26  2:14  Metabolic Boost  
  28  2:24  Drone x2  
  30  2:33  Drone  
  30  2:34  Drone  
  32  2:43  Hatchery  
  31  2:47  Drone  
  32  2:52  Overlord  
  32  2:59  Queen  
  32  3:01  Drone  
  32  3:04  Overlord  
  35  3:06  Drone  
  35  3:12  Zergling x2  
  37  3:13  Zergling x2  
  37  3:15  Drone  
  37  3:16  Drone x2  
  37  3:19  Drone  
  42  3:26  Drone x2  
  44  3:27  Drone  
  45  3:34  Overlord, Queen  
  47  3:44  Drone  
  47  3:45  Drone x2  
  47  3:47  Spore Crawler  
  49  3:49  Drone x2  
  49  3:50  Drone  
  49  3:55  Drone x2  
  54  3:57  Queen  
  57  4:02  Drone  
  57  4:03  Roach Warren  
  57  4:09  Drone x2, Overlord  
  58  4:14  Queen  
  60  4:21  Overlord  
  60  4:22  Overlord  
  60  4:27  Zergling x10  
  64  4:31  Zergling x2  
  64  4:32  Zergling x2  
  66  4:39  Overlord  
  66  4:42  Drone x4  
  70  4:51  Drone x5  
  73  4:53  Drone x2  
  73  4:55  Spore Crawler  
  73  4:56  Spore Crawler  
  72  5:08  Drone x5, Overlord  
  72  5:09  Drone x2, Lair  
  72  5:10  Extractor  
  72  5:12  Extractor  
  76  5:19  Zergling x4  
  75  5:27  Extractor  
  71  5:28  Drone, Extractor  
  71  5:29  Drone x8, Extractor  
  71  5:34  Evolution Chamber  
  77  5:42  Drone, Overlord x2  
  78  5:44  Pneumatized Carapace  
  78  5:45  Baneling Nest  
  78  5:46  Drone  
  78  5:47  Drone x3  
  81  5:55  Drone  
  78  6:02  Zerg Missile Weapons Level 1  
  79  6:04  Drone x4  
  79  6:05  Drone x3  
  79  6:08  Hatchery  
  84  6:14  Overseer  
  84  6:16  Glial Reconstitution  
  84  6:18  Roach x3  
  90  6:24  Roach x3  
  96  6:29  Overlord x2  
  96  6:43  Overlord x3  
  96  6:51  Roach x4  
  96  6:52  Roach x2  
  96  6:53  Centrifical Hooks  
  108  6:56  Ravager x4  
  111  7:10  Drone  
  111  7:12  Roach  
  111  7:13  Roach x4  
  111  7:14  Drone x4  
  126  7:21  Zergling x14  
  133  7:26  Drone  
  133  7:28  Overlord  
  134  7:30  Queen  
  134  7:34  Zergling x4  
  134  7:35  Baneling  
  134  7:36  Baneling x3  
  139  7:44  Ravager x2  
  139  7:46  Overlord x5  
  139  7:48  Baneling x14  
  139  7:50  Ravager  
  139  7:51  Ravager x2  
  143  7:52  Roach x5  
  153  8:01  Overlord x3  
  153  8:03  Baneling x4  
  153  8:04  Baneling  
  153  8:08  Overlord  
  153  8:11  Ravager x3  
  156  8:16  Zergling x2  
  156  8:17  Zergling x2  
  156  8:19  Drone  
  162  8:20  Drone x10  
  162  8:22  Extractor  
  162  8:23  Extractor  
  167  8:31  Hatchery  
  167  8:33  Zerg Melee Weapons Level 1  
  166  8:37  Evolution Chamber  
  165  8:42  Drone x2  
  166  8:49  Drone  
  166  8:50  Infestation Pit  
  166  8:51  Zergling x20  
  176  8:56  Overseer  
  176  8:58  Zergling x2  
  177  9:06  Zergling x16  
  177  9:07  Zergling x4  
  187  9:10  Zerg Missile Weapons Level 2  
  183  9:24  Zergling x2  
  183  9:25  Zergling x16  
  183  9:31  Baneling x17  
  189  9:45  Baneling x12  
  189  9:47  Zergling x20  
  196  10:02  Queen  
  196  10:06  Hive  
  196  10:07  Drone  
  196  10:09  Spire  
  193  10:14  Zergling x4  
  193  10:15  Zergling x18  
  187  10:23  Zergling x2  
  187  10:24  Zergling x2  
  187  10:28  Baneling x17  
  184  10:29  Baneling  
  184  10:35  Baneling  
  184  10:36  Baneling x15  
  184  10:42  Zergling x20  
  193  10:54  Baneling x5  
  184  10:57  Zergling x24  
  184  11:01  Zergling x2  
  184  11:02  Zergling x18  
  193  11:09  Zerg Melee Weapons Level 2  
  193  11:11  Zergling x14  
  191  11:15  Baneling x11  
  187  11:20  Zergling x6  
  187  11:24  Baneling x6  
  187  11:25  Adrenal Glands  
  188  11:26  Zerg Ground Armor Level 1, Greater Spire  
  188  11:31  Zergling x10  
  193  11:35  Zergling x2  
  193  11:36  Zergling x2  
  193  11:39  Roach, Zergling x8  
  177  11:43  Roach, Zergling x4  
  177  11:45  Roach  
  159  11:53  Roach x4  
  152  11:56  Roach  
  152  11:57  Roach  
  152  12:01  Drone x2  
  152  12:03  Drone  
  155  12:14  Corruptor x4  
  155  12:15  Corruptor  
  163  12:17  Ravager x3  
  163  12:18  Ravager x3  
  163  12:19  Baneling x3  
  169  12:39  Baneling x12  
  169  12:47  Zerg Flyer Weapons Level 1  
  169  12:50  Extractor  
  168  12:51  Extractor  
  159  13:14  Brood Lord x3  
  159  13:15  Brood Lord x2  
  167  13:27  Zergling x26  
  178  13:36  Zerg Missile Weapons Level 3, Zerg Melee Weapons Level 3  
  174  13:42  Ravager x2, Corruptor  
  174  13:43  Ravager, Corruptor x2  
  174  13:47  Drone x7  
  190  13:49  Hatchery  
  190  13:54  Zergling x30  
  196  14:03  Drone x3  
  199  14:17  Spore Crawler  
  199  14:18  Spore Crawler x3  
  199  14:19  Spore Crawler  
  199  14:20  Spore Crawler  
  199  14:21  Spore Crawler x2  
  173  14:43  Zergling x20  
  166  14:52  Corruptor x9  
  161  14:56  Burrow, Zerg Flyer Weapons Level 2, Pathogen Glands  
  178  15:00  Drone x6  
  183  15:09  Queen  
  183  15:10  Viper  
  183  15:11  Viper x3  
  192  15:20  Queen  
  194  15:37  Spore Crawler  
  194  15:39  Spore Crawler  
  194  15:41  Spore Crawler  
  191  15:43  Spore Crawler  
  190  15:51  Baneling x8  
  190  15:52  Neural Parasite  
  190  15:53  Drone x2  
  190  15:54  Drone x6  
  198  15:59  Spore Crawler  
  198  16:01  Spore Crawler  
  198  16:03  Brood Lord  
  198  16:11  Spore Crawler  
  198  16:13  Spore Crawler x3  
  198  16:15  Overseer  
  198  16:16  Overseer x3  
  198  16:17  Overseer  
  194  16:31  Corruptor x3  
  194  16:45  Brood Lord x2  
  198  16:48  Overseer  
  198  16:53  Zergling x4  
  200  17:00  Zergling x2  
  192  17:13  Zerg Flyer Armor Level 1  
  192  17:20  Drone x7, Spine Crawler  
  192  17:21  Spine Crawler  
  192  17:22  Spore Crawler, Spine Crawler  
  195  17:23  Spore Crawler  
  195  17:24  Spore Crawler x2  
  195  17:25  Spore Crawler x2  
  195  17:27  Zerg Ground Armor Level 2  
  195  17:29  Zergling x2  
  200  17:30  Zergling x18  
  200  17:34  Baneling x4  
  200  17:40  Spore Crawler  
  200  17:42  Spore Crawler x2  
  200  17:43  Spore Crawler  
  196  17:46  Drone x2  
  196  17:47  Drone  
  196  17:50  Spore Crawler  
  198  17:51  Spore Crawler  
  198  17:53  Baneling x7, Spore Crawler  
  198  17:57  Drone x2  
  198  17:58  Baneling x6  
  198  18:04  Queen  
  199  18:11  Zergling x2  
  192  18:21  Zergling x14  
  196  18:33  Corruptor x2  
  200  18:34  Baneling  
  200  18:35  Baneling  
  197  18:49  Viper x2  
  197  18:54  Queen  
  200  19:01  Spore Crawler  
  200  19:02  Spore Crawler  
  198  19:04  Spore Crawler  
  198  19:06  Spore Crawler  
  198  19:07  Zerg Flyer Weapons Level 3, Spore Crawler  
  189  19:10  Zergling x24  
  189  19:16  Roach x2, Zergling x16  
  195  19:26  Extractor  
  195  19:28  Extractor  
  193  19:38  Baneling x5  
  193  19:39  Baneling x7  
  193  19:42  Baneling x6  
  193  19:43  Spore Crawler x2  
  193  19:44  Spore Crawler  
  193  19:45  Spore Crawler x4  
  189  19:47  Zerg Ground Armor Level 3, Spore Crawler  
  183  20:08  Zergling x20  
  183  20:09  Zergling x18  
  195  20:14  Spore Crawler  
  195  20:17  Hatchery, Zergling x30  
  195  20:23  Zergling x16  
  199  20:29  Baneling x12  
  199  20:36  Baneling, Ravager  
  199  20:37  Baneling x8  
  192  20:58  Baneling  
  192  20:59  Baneling x5  
  179  21:28  Zergling x2  
  179  21:29  Zergling x34  
  193  21:39  Zergling x2  
  189  21:43  Extractor  
  189  21:44  Zergling x14  
  190  21:48  Extractor  
  190  21:52  Zerg Flyer Armor Level 2  
  188  22:01  Drone  
  188  22:02  Drone x9  
  188  22:03  Baneling  
  188  22:04  Baneling x5  
  185  22:15  Corruptor  
  185  22:16  Corruptor x4  
  190  22:24  Corruptor  
  190  22:25  Corruptor  
  188  22:52  Baneling x6  
  188  22:53  Corruptor x5  
  190  23:06  Hatchery  
  173  23:21  Overseer  
  173  23:22  Overseer x3  
  173  23:33  Overlord x4  
Show
View Real Time Build Order
Export as new Build Order

Semper Protoss 

Build Orders: 1 Gate Expand, Oracle Opening, Archon Immortal, Carriers 

Get SALT Encoding   

  12  0:00  Probe  
  13  0:13  Probe  
  14  0:19  Pylon  
  14  0:25  Probe  
  15  0:33  Probe  
  15  0:40  Gateway  
  15  0:41  Probe  
  17  0:50  Assimilator  
  17  0:52  Probe  
  18  1:04  Probe  
  19  1:16  Probe  
  20  1:26  Nexus  
  20  1:38  Cybernetics Core  
  20  1:41  Probe  
  21  1:47  Assimilator  
  21  1:53  Probe  
  22  1:58  Pylon  
  22  2:05  Probe  
  22  2:06  Adept  
  23  2:16  Warp Gate  
  23  2:17  Probe  
  26  2:26  Stalker  
  26  2:29  Probe  
  29  2:37  Probe  
  29  2:42  Stargate  
  30  2:45  Probe  
  30  2:46  Probe  
  32  2:58  Adept, Probe  
  35  3:00  Probe  
  36  3:10  Probe  
  37  3:14  Gateway  
  37  3:16  Oracle  
  37  3:18  Probe  
  38  3:20  Pylon  
  38  3:25  Probe  
  39  3:32  Probe  
  43  3:38  Probe  
  44  3:44  Probe  
  44  3:45  Oracle  
  45  3:50  Pylon  
  45  3:52  Assimilator  
  45  3:53  Probe  
  45  3:54  Assimilator  
  49  3:59  Probe  
  50  4:06  Probe  
  50  4:08  Pylon  
  51  4:13  Probe  
  52  4:18  Probe  
  52  4:23  Adept  
  55  4:30  Nexus  
  55  4:31  Pylon  
  55  4:34  Adept  
  55  4:37  Probe x2  
  59  4:42  Robotics Facility  
  59  4:49  Oracle  
  62  4:54  Probe x2  
  64  5:00  Forge  
  64  5:05  Twilight Council  
  64  5:08  Adept  
  64  5:12  Adept  
  64  5:17  Probe x2  
  64  5:19  Shield Battery  
  62  5:22  Immortal  
  62  5:29  Probe x2  
  68  5:36  Protoss Ground Weapons Level 1  
  68  5:37  Charge  
  68  5:40  Sentry x2, Probe x2  
  68  5:41  Probe  
  75  5:53  Probe x3  
  76  5:59  Immortal  
  76  6:01  Templar Archives  
  78  6:05  Probe  
  78  6:06  Probe  
  78  6:09  Probe  
  85  6:13  Pylon  
  85  6:26  Warp Prism  
  85  6:27  Probe x2  
  85  6:30  Probe  
  85  6:31  Gateway  
  85  6:32  Gateway  
  88  6:39  Gateway, Assimilator, Probe x2  
  92  6:43  Sentry x2, Assimilator  
  96  6:50  Gateway  
  96  6:53  Pylon  
  96  6:57  Gateway, Observer  
  96  7:00  Gateway  
  97  7:09  Probe x2  
  97  7:12  Pylon  
  97  7:13  High Templar  
  97  7:14  Probe, High Templar, Pylon  
  104  7:19  Archon  
  104  7:21  Probe  
  105  7:23  Photon Cannon  
  105  7:32  Phoenix x2, Protoss Ground Weapons Level 2  
  105  7:34  Photon Cannon, Probe  
  105  7:35  High Templar x2  
  105  7:36  Zealot  
  112  7:39  Archon  
  112  7:43  Probe x2  
  114  7:52  Pylon  
  114  7:56  Gateway  
  114  8:00  Gateway  
  114  8:01  Pylon  
  114  8:03  High Templar, Pylon  
  114  8:04  High Templar, Zealot x3  
  124  8:08  Archon  
  124  8:10  Zealot x3, Pylon  
  124  8:11  Pylon  
  130  8:12  Psionic Storm  
  130  8:16  Immortal  
  130  8:32  Photon Cannon  
  130  8:34  Photon Cannon  
  130  8:36  Pylon  
  130  8:37  Pylon  
  130  8:38  High Templar  
  130  8:39  High Templar, Zealot x3  
  140  8:54  Nexus  
  140  8:55  Immortal, Pylon  
  144  9:05  Stalker  
  144  9:09  Photon Cannon  
  146  9:13  High Templar  
  146  9:14  High Templar  
  146  9:16  Shield Battery, Zealot x2  
  148  9:18  Photon Cannon  
  148  9:19  Photon Cannon  
  148  9:20  Pylon, Probe x2  
  148  9:22  Pylon  
  150  9:29  Probe  
  148  9:32  Probe  
  148  9:35  High Templar x2  
  148  9:36  High Templar  
  155  9:40  High Templar  
  155  9:42  Warp Prism  
  157  9:46  Probe x2  
  157  9:48  Photon Cannon  
  159  9:57  Archon  
  159  9:58  Zealot x4  
  159  9:59  Zealot x2  
  169  10:00  Probe x2  
  169  10:05  Archon  
  169  10:09  Probe  
  166  10:17  Protoss Ground Weapons Level 3  
  166  10:18  Immortal  
  144  10:28  Stargate, Probe  
  144  10:29  Probe x2  
  144  10:30  Assimilator, Fleet Beacon  
  144  10:32  Photon Cannon, Pylon  
  147  10:36  Assimilator  
  147  10:38  Zealot x3  
  147  10:41  Probe  
  154  10:45  Probe  
  154  10:47  High Templar x2  
  151  11:04  Immortal  
  126  11:07  Zealot x8  
  130  11:13  Probe x2  
  130  11:14  Probe  
  130  11:17  Probe  
  136  11:21  High Templar x2  
  136  11:22  Probe  
  134  11:25  Archon, Probe x2  
  134  11:31  Probe x2  
  137  11:34  Zealot x8  
  144  11:40  Immortal, Probe  
  144  11:43  Probe  
  117  11:54  Zealot x8  
  117  11:58  Carrier x2, Probe  
  117  11:59  Zealot x2  
  138  12:09  Shield Battery  
  138  12:12  Photon Cannon  
  138  12:14  Photon Cannon, Protoss Air Weapons Level 1  
  146  12:23  High Templar  
  146  12:24  High Templar  
  150  12:31  High Templar  
  149  12:41  Photon Cannon  
  149  12:44  High Templar  
  149  12:49  Probe  
  149  12:50  Probe  
  153  12:52  Photon Cannon  
  153  12:53  Carrier x2  
  153  12:57  Photon Cannon  
  153  12:58  Warp Prism  
  149  13:10  Stalker, Zealot  
  160  13:21  Zealot x3  
  160  13:22  Zealot x5  
  160  13:25  Nexus  
  160  13:26  Pylon  
  170  13:29  Pylon  
  170  13:31  High Templar  
  172  13:35  Protoss Shields Level 1  
  168  13:45  Stargate  
  168  13:46  Photon Cannon, Shield Battery  
  168  13:49  Shield Battery  
  168  13:50  Zealot x4  
  168  13:51  Shield Battery  
  168  13:53  Shield Battery  
  170  14:01  Zealot x4  
  162  14:06  High Templar x2  
  166  14:11  Gateway, Archon  
  166  14:12  High Templar x2  
  166  14:13  Pylon  
  170  14:18  Archon  
  170  14:19  Zealot x2  
  166  14:34  Probe x4  
  150  14:43  Probe  
  150  14:44  Zealot  
  150  14:45  Zealot x4  
  149  14:46  Probe x2  
  149  14:47  Probe  
  149  14:51  Probe  
  148  14:58  Probe  
  148  14:59  Probe x2  
  152  15:00  Photon Cannon  
  152  15:02  Photon Cannon  
  152  15:03  Shield Battery  
  152  15:08  High Templar x2  
  152  15:09  High Templar x2  
  152  15:15  Carrier, Probe x5  
  157  15:27  Probe  
  164  15:29  Mothership  
  164  15:31  High Templar  
  164  15:35  Zealot  
  168  15:36  Zealot  
  168  15:37  Protoss Air Weapons Level 2  
  168  15:40  High Templar x3  
  172  15:46  Assimilator  
  178  15:51  Assimilator  
  178  15:54  Archon x2  
  178  16:00  Carrier, Archon  
  178  16:01  Archon, Zealot x3  
  178  16:02  Zealot x2  
  178  16:03  High Templar  
  190  16:07  Pylon  
  196  16:28  Carrier x2  
  194  16:55  Zealot x3  
  194  17:06  Carrier  
  176  17:20  Nexus  
  180  17:23  Pylon, Zealot x9  
  180  17:26  Pylon  
  198  17:43  Observer  
  198  17:44  Pylon  
  198  17:46  Photon Cannon  
  198  17:47  Photon Cannon, Shield Battery  
  198  17:49  Shield Battery  
  198  17:50  Photon Cannon, Shield Battery  
  199  17:52  Shield Battery  
  199  17:55  Shield Battery  
  199  17:58  Shield Battery  
  199  18:01  Shield Battery  
  195  18:13  Protoss Shields Level 2  
  195  18:18  Zealot x7  
  195  18:19  Carrier x3  
  199  18:23  Dark Shrine  
  197  18:35  Blink  
  197  18:54  High Templar  
  199  19:02  Assimilator  
  199  19:05  Photon Cannon  
  199  19:07  Photon Cannon, Assimilator  
  191  19:11  Observer  
  178  19:22  Zealot x3  
  178  19:23  Zealot x5  
  192  19:30  High Templar  
  194  19:35  Void Ray  
  198  19:38  Probe  
  198  19:39  Stargate  
  198  19:41  Stargate  
  198  19:45  Unknown  
  199  19:51  Protoss Air Weapons Level 3  
  199  19:56  High Templar x2  
  199  19:59  Pylon  
  199  20:00  Archon  
  199  20:19  Void Ray  
  176  20:22  Probe x5  
  176  20:23  Probe  
  176  20:25  Zealot x3  
  176  20:26  Zealot x2  
  176  20:28  High Templar, Void Ray  
  192  20:30  Shadow Stride  
  176  20:55  Void Ray  
  176  20:56  Void Ray  
  182  21:00  Photon Cannon  
  182  21:01  Photon Cannon  
  182  21:02  High Templar x3  
  182  21:03  Photon Cannon  
  188  21:05  Photon Cannon  
  188  21:07  Photon Cannon  
  188  21:12  Zealot x5  
  188  21:13  Archon, Zealot  
  182  21:34  Dark Templar x3  
  182  21:35  Dark Templar  
  182  21:37  Dark Templar  
  182  21:38  Dark Templar x2  
  180  21:52  Void Ray x2  
  178  22:01  Void Ray  
  178  22:02  Void Ray  
  178  22:05  Zealot x3  
  168  22:30  Observer  
  168  22:33  High Templar x2  
  168  22:35  Zealot  
  168  22:36  Zealot x3  
  179  23:01  Zealot  
  161  23:40  Sentry  
  163  23:44  Zealot  
Tags
 
Add a new tag
Caveats
  • Supply blocks, unpowered buildings, or Contaminate may cause inaccurate times.
  • Supply counts are checked every 10 seconds.